 Dungeon Crawl Stone Soup version 0.29-a0-468-ge57f7f99b4 (webtiles) character file.

Game seed: 6689843999731192608

68 dabmancer the Magician (level 4, -1/31 HPs)
             Began as a Human Hedge Wizard on May 21, 2022.
             Was an Initiate of Gozag.
             Frozen to death by an endoplasm (2 damage)
             ... on level 3 of the Dungeon.
             The game lasted 00:13:28 (3199 turns).

dabmancer the Magician (Human Hedge Wizard)         Turns: 3199, Time: 00:13:30

Health: -1/31      AC:  2    Str: 10    XL:     4   Next: 41%
Magic:  4/9        EV: 10    Int: 17    God:    Gozag
Gold:   262        SH:  6    Dex: 12    Spells: 2/10 levels left

rFire   . . .      SeeInvis .   j - +0 war axe
rCold   . . .      Faith    .   o - +0 kite shield
rNeg    . . .      Spirit   .   b - +0 robe
rPois   .          Reflect  .   c - +0 hat
rElec   .          Harm     .   (no cloak)
rCorr   .          Rampage  .   (no gloves)
Will    .....                   (no boots)
Stlth   ++........              (no amulet)
HPRegen 0.10/turn               (no ring)
MPRegen 0.11/turn               (no ring)

@: no status effects
A: no striking features
a: Renounce Religion, Potion Petition, Call Merchant, Bribe Branch


You were on level 3 of the Dungeon.
You worshipped Gozag.
Gozag was aware of your devotion.
You visited 1 branch of the dungeon, and saw 3 of its levels.

You collected 280 gold pieces.
You paid 18 gold pieces to Gozag.

Inventory:

Hand Weapons
 a - a +0 dagger
 e - a +0 hunting sling
 f - a +0 club
 j - a +0 war axe (weapon)
Missiles
 n - 40 stones (quivered)
Armour
 b - a +0 robe (worn)
 c - a +0 hat (worn)
 o - a +0 kite shield (worn)
Scrolls
 g - 2 scrolls of poison {unknown}
 i - a scroll of vulnerability {unknown}
 l - 2 scrolls of immolation {unknown}
 p - 2 scrolls of identify {unknown}
 q - 2 scrolls of teleportation {unknown}
 r - a scroll of enchant armour {unknown}
 s - a scroll of enchant weapon {unknown}
Potions
 d - a potion of magic
 h - a potion of might {unknown}
 m - a potion of heal wounds {unknown}


   Skills:
 - Level 0.4 Fighting
 + Level 2.1 Dodging
 + Level 2.1 Stealth
 + Level 3.9 Spellcasting
 + Level 2.4 Conjurations
 + Level 1.0 Summonings
 + Level 1.0 Translocations


You had 2 spell levels left.
You knew the following spells:

 Your Spells              Type           Power      Damage    Failure   Level
a - Magic Dart            Conj           44%        1d5       22%         1
b - Blink                 Tloc           12%        N/A       52%         2
c - Call Imp              Summ           6%         N/A       52%         2
d - Conjure Flame         Conj/Fire      7%         6-21      71%         3

Your spell library contained the following spells:

 Spells                   Type           Power      Damage    Failure   Level
 Slow                     Hex            12%        N/A       52%         1
 Mephitic Cloud           Conj/Pois/Air  6%         N/A       77%         3


Dungeon Overview and Level Annotations

Branches:
Dungeon (3/15)

Altars:
Gozag

Shops:
D:2 (


Message History

You feel better. You block the orc wizard's attack.
The orc wizard attacks as you move away!
The orc wizard hits you with a +0 dagger.
You see here the +1 leather armour of the Other World {Rampage rF++ rC+ Int-2}.
You barely miss the orc wizard.
The orc wizard is heavily wounded.
The orc is no longer distracted by gold.
The orc wizard points at you and mumbles some strange words.
The puff of flame hits you!
* * * LOW HITPOINT WARNING * * *
The orc wizard barely misses you.
You feel better.
The orc wizard gestures at you while chanting.
You are confused.
You bump into the rock wall.
The orc wizard hits you but does no damage.
You bump into the rock wall.
The orc wizard gestures at you while chanting.
The puff of flame hits you!
* * * LOW HITPOINT WARNING * * *
You throw a stone.
The orc wizard hits you with a +0 dagger.
* * * LOW HITPOINT WARNING * * *
An endoplasm comes into view.
You throw a stone. The endoplasm quivers.
The orc wizard hits you with a +0 dagger.
* * * LOW HITPOINT WARNING * * *
The orc is distracted by your dazzling golden aura.
The orc wizard hits you but does no damage.
The endoplasm misses you.
You throw a stone. The orc shouts!
You feel less confused.
The orc wizard hits you with a +0 dagger.
* * * LOW HITPOINT WARNING * * *
The endoplasm freezes you.
You are frozen.
You die...
Your body crumbles into a pile of gold.

#### #..# #..# #..#
#..# # #..# #
#.##########..#
#.J@ooow......#
......###########.##
##### #...#####
#.#..wo.wo
##.#.##### ##.## ##


You could see an orc wizard, a dart slug, 2 orcs and an endoplasm.

Vanquished Creatures
  2 adders
  A worm (D:2)
  A dart slug (D:3)
  5 ball pythons (D:1)
  A bat (D:3)
  4 endoplasms
  3 giant cockroaches (D:2)
  9 goblins
  6 hobgoblins
  A jackal (D:1)
  A quokka (D:2)
  6 kobolds
  A rat (D:3)
41 creatures vanquished.

Notes
Turn   | Place    | Note
-------+----------+-------------------------------------------
     0 | D:1      | dabmancer the Human Hedge Wizard began the quest for the
                  | Orb.
     0 | D:1      | Reached XP level 1. HP: 13/13 MP: 4/4
   280 | D:1      | Reached XP level 2. HP: 20/20 MP: 4/6
   632 | D:1      | Found an opulent altar of Gozag.
   650 | D:1      | Became a worshipper of Gozag Ym Sagoz the Greedy
  1149 | D:2      | Reached XP level 3. HP: 25/25 MP: 4/8
  1880 | D:2      | Found Nuivusm's Weapon Emporium.
  2587 | D:2      | Reached XP level 4. HP: 31/31 MP: 5/9
  2937 | D:3      | Learned a level 2 spell: Blink
  2941 | D:3      | Learned a level 3 spell: Conjure Flame
  2944 | D:3      | Learned a level 2 spell: Call Imp
  3192 | D:3      | Identified the +1 leather armour of the Other World
                  | {Rampage rF++ rC+ Int-2}
  3199 | D:3      | HP: 1/31 [orc wizard/+0 dagger (1)]
  3199 | D:3      | Frozen to death by an endoplasm

Illustrated notes

Levels and vault maps discovered:
D:1:      lemuel_arrival_funnel, layout_rooms, minmay_hexomino_r4
D:2:      layout_loops_corners, serial_shops, nicolae_diamond_shop
D:3:      layout_loops_ring

Skill      XL: |  1  2  3 |
---------------+----------+-----
Conjurations   | 2 |  2.4
Fighting       | |  0.4
Dodging        | |  2.1
Stealth        | |  2.1
Spellcasting   | |  3.9
Summonings     | |  1.0
Translocations | |  1.0

Action                   |  1- 3 |  4- 6 || total
-------------------------+-------+-------++-------
Melee: Dagger            |     3 |       ||     3
       Club              |    10 |       ||    10
       War axe           |    11 |     6 ||    17
Throw: Stone             |       |     3 ||     3
 Cast: Magic Dart        |    88 |    25 ||   113
       Blink             |       |     1 ||     1
  Use: Potion            |     1 |     3 ||     4
Armor: Robe              |     8 |     3 ||    11
Dodge: Dodged            |    22 |    15 ||    37
Block: Kite shield       |       |     1 ||     1

Table legend: (Time is in decaauts)
 A = Elapsed time spent in this place.
 B = Non-inter-level travel time spent in this place.
 C = Inter-level travel time spent in this place.
 D = Time resting spent in this place.
 E = Time spent auto-exploring this place.
 F = Levels seen in this place.
 G = Mean time per level.
                   A        B        C        D        E       F      G
               +--------+--------+--------+--------+--------+-----+--------+
         Total |   3210 |   3168 |     42 |    795 |   1913 |   3 | 1070.0 |
       Dungeon |   3210 |   3168 |     42 |    795 |   1913 |   3 | 1070.0 |
               +--------+--------+--------+--------+--------+-----+--------+

Top non-repeatable levels by time:
     D:2: 1726 daAuts
     D:1: 1111 daAuts
     D:3: 372 daAuts
